Map: Arctic Dream LE

Players

qqq - Winner!

  • Race: Zerg Zerg
  • Spawn Location: 11:00

Massa - Winner!

  • Race: Terran Terran
  • League: Platinum
  • Spawn Location: 12:00

GevatterTod

  • Race: Zerg Zerg
  • Spawn Location: 5:00

Pestilenz

  • Race: Protoss Protoss
  • Spawn Location: 6:00

VOD

Have the link to the VOD?

Description

Time

  • Played on: Nov. 6, 2020, 4:56 p.m.
  • Length: 20:37
Show
View Real Time Build Order
Export as new Build Order

qqq Zerg - Winner!

Build Orders: Hatch First 

Get SALT Encoding   

  12  0:06  Drone  
  13  0:15  Drone  
  14  0:35  Hatchery  
  13  0:47  Overlord  
  13  0:48  Drone  
  14  1:06  Spawning Pool  
  13  1:14  Drone  
  13  1:17  Extractor  
  13  1:18  Drone  
  14  1:30  Drone x2  
  16  1:38  Drone  
  17  2:15  Queen  
  19  2:16  Zergling x4, Overlord  
  19  2:18  Drone x2  
  19  2:19  Drone  
  24  2:30  Metabolic Boost  
  24  2:32  Zergling x2  
  24  2:36  Extractor  
  24  2:38  Drone  
  25  2:44  Baneling Nest  
  25  2:46  Drone  
  25  2:50  Drone  
  26  3:00  Drone  
  26  3:01  Drone  
  26  3:02  Drone  
  26  3:05  Zergling x2  
  30  3:12  Queen  
  30  3:18  Zergling x2  
  30  3:19  Zergling x2  
  34  3:29  Roach Warren  
  34  3:30  Drone  
  34  3:34  Overlord  
  34  3:36  Zergling x2  
  34  3:38  Baneling  
  34  3:39  Baneling  
  34  3:40  Baneling  
  35  3:43  Zergling x2  
  35  3:48  Overlord  
  36  3:53  Zergling x2  
  36  3:55  Drone  
  38  3:57  Zergling x2  
  38  3:59  Zergling x2  
  40  4:02  Baneling  
  40  4:11  Zergling x6  
  40  4:13  Roach  
  40  4:14  Roach  
  47  4:19  Roach  
  40  4:34  Roach  
  40  4:35  Roach x3  
  40  4:36  Roach  
  45  4:54  Roach  
  45  4:55  Roach  
  49  5:00  Drone, Zergling x2  
  49  5:04  Overlord  
  49  5:05  Overlord  
  51  5:16  Baneling  
  51  5:25  Roach x2  
  51  5:26  Roach  
  52  5:52  Roach  
  52  5:53  Roach x2  
  52  5:56  Drone  
  52  5:57  Drone x3  
  61  5:59  Extractor  
  61  6:04  Roach  
  59  6:15  Hatchery  
  51  6:22  Zergling x6  
  51  6:23  Zergling x2  
  49  6:29  Drone  
  45  6:45  Drone  
  46  6:52  Queen  
  46  6:53  Drone  
  49  7:00  Baneling x2  
  49  7:01  Baneling  
  49  7:04  Roach  
  49  7:05  Drone  
  49  7:06  Drone x2  
  54  7:13  Drone  
  55  7:20  Roach x2  
  59  7:27  Baneling x3  
  59  7:29  Drone x2  
  61  7:30  Drone x2  
  63  7:48  Queen  
  63  7:50  Overlord  
  63  7:51  Overlord  
  65  7:53  Hatchery  
  64  7:58  Hatchery  
  63  8:07  Zergling x4  
  63  8:08  Drone x3  
  63  8:09  Drone x4  
  72  8:19  Drone x3  
  75  8:20  Roach  
  75  8:22  Roach  
  70  8:52  Roach  
  70  8:53  Roach x5  
  67  9:15  Roach x2  
  67  9:16  Roach x8  
  87  9:19  Drone x3  
  87  9:22  Drone x2  
  87  9:23  Drone  
  93  9:27  Lair  
  93  9:35  Overlord  
  93  9:36  Overlord x2  
  93  9:40  Extractor  
  92  9:47  Drone  
  92  9:49  Overlord x2  
  93  9:53  Queen  
  93  9:55  Extractor  
  93  9:56  Evolution Chamber  
  93  9:58  Evolution Chamber  
  93  9:59  Spore Crawler  
  93  10:00  Spore Crawler  
  93  10:01  Drone  
  93  10:02  Roach  
  93  10:03  Roach  
  84  10:16  Roach x2  
  84  10:17  Roach x4  
  77  10:51  Roach x4  
  77  10:54  Hatchery  
  77  10:56  Glial Reconstitution  
  84  10:57  Hatchery  
  84  10:59  Zerg Melee Weapons Level 1, Hydralisk Den  
  84  11:03  Drone x6  
  88  11:11  Drone x2  
  88  11:12  Drone  
  88  11:13  Drone x2, Extractor  
  92  11:19  Zerg Ground Armor Level 1  
  92  11:39  Drone x4  
  97  11:40  Drone  
  97  11:44  Muscular Augments  
  97  11:48  Hydralisk x2  
  97  11:49  Hydralisk  
  97  11:50  Zergling x4  
  97  11:51  Lurker Den, Zergling x4  
  97  11:52  Drone  
  107  11:57  Drone  
  107  11:58  Drone  
  107  12:00  Roach  
  111  12:08  Drone x3  
  114  12:17  Roach x2  
  114  12:18  Drone, Roach x2  
  114  12:19  Drone  
  108  12:35  Hydralisk, Roach x3  
  108  12:36  Hydralisk x3  
  116  12:37  Drone  
  116  12:38  Drone  
  116  12:39  Drone  
  119  12:45  Zergling x2, Roach x2  
  119  12:46  Drone, Zergling x2  
  119  12:47  Drone  
  119  12:48  Drone  
  128  12:54  Zerg Missile Weapons Level 1  
  128  12:56  Grooved Spines  
  130  12:58  Roach x2  
  130  12:59  Drone x4  
  130  13:00  Drone x3  
  130  13:04  Extractor  
  138  13:06  Lurker  
  138  13:07  Overlord x2  
  139  13:26  Roach  
  139  13:27  Hydralisk x4, Roach x2  
  145  13:28  Hydralisk  
  153  13:39  Hydralisk x6  
  134  13:45  Lurker  
  127  13:50  Spine Crawler  
  127  13:52  Spine Crawler  
  127  13:53  Spine Crawler  
  124  13:56  Spine Crawler, Spore Crawler  
  124  13:57  Drone x6  
  124  13:58  Drone x6  
  134  14:09  Hydralisk x3  
  136  14:10  Roach  
  136  14:11  Roach x3  
  136  14:15  Infestation Pit  
  147  14:19  Zerg Melee Weapons Level 2  
  147  14:24  Lurker  
  148  14:26  Zergling x10  
  153  14:42  Zergling x4  
  153  14:43  Overlord  
  153  14:44  Overlord x3  
  155  14:50  Spore Crawler  
  155  14:51  Spore Crawler  
  153  14:54  Spore Crawler  
  153  14:56  Spore Crawler  
  151  15:00  Spore Crawler x2  
  151  15:01  Spore Crawler  
  151  15:03  Spore Crawler  
  147  15:10  Nydus Network  
  147  15:11  Spore Crawler  
  145  15:16  Hydralisk x6  
  145  15:17  Zergling x2  
  145  15:18  Drone x2, Zergling x4  
  145  15:19  Drone x5  
  145  15:20  Drone x2  
  167  15:43  Drone x4  
  167  15:44  Drone x2  
  167  15:46  Extractor  
  167  15:47  Extractor  
  167  15:48  Extractor  
  167  15:49  Extractor  
  169  15:50  Extractor  
  169  15:51  Extractor  
  169  15:53  Spore Crawler x3  
  169  15:55  Spore Crawler  
  163  15:59  Spore Crawler  
  162  16:15  Hydralisk x5  
  162  16:17  Spore Crawler, Hive  
  171  16:18  Spore Crawler, Zerg Missile Weapons Level 2  
  171  16:24  Lurker x4  
  137  16:50  Hydralisk x7  
  137  16:51  Hydralisk x2  
  135  16:54  Zerg Ground Armor Level 2  
  135  16:56  Roach x2  
  135  16:57  Roach x6  
  135  16:58  Roach  
  119  17:11  Drone  
  119  17:12  Drone  
  119  17:13  Roach x6  
  133  17:20  Queen  
  135  17:39  Lurker x6  
  135  17:40  Lurker  
  142  17:45  Zergling x14  
  142  17:46  Drone, Zergling x4  
  142  17:47  Drone x5  
  157  17:53  Overseer  
  157  17:56  Pneumatized Carapace  
  157  17:57  Spine Crawler x2  
  155  18:03  Hatchery  
  154  18:13  Overseer x2  
  154  18:14  Overlord x6  
  154  18:15  Drone x4  
  154  18:16  Hatchery  
  135  18:31  Lurker x3  
  128  18:52  Hydralisk  
  128  18:53  Hydralisk x6  
  142  18:59  Ultralisk Cavern  
  141  19:13  Extractor  
  141  19:15  Drone x4  
  141  19:16  Drone x2  
  146  19:17  Drone  
  146  19:18  Hatchery  
  146  19:27  Hatchery  
  145  19:43  Drone x5  
  145  19:44  Drone x3  
  140  20:24  Drone x2  
  140  20:25  Drone x3  
Show
View Real Time Build Order
Export as new Build Order

Massa Terran - Winner!

Build Orders:  

Get SALT Encoding   

  12  0:00  SCV  
  13  0:12  SCV  
  14  0:17  Supply Depot  
  14  0:25  SCV  
  15  0:39  SCV  
  15  0:40  Barracks  
  16  0:51  SCV, Supply Depot  
  17  1:00  Refinery  
  17  1:03  SCV  
  18  1:27  Barracks  
  18  1:31  Orbital Command  
  18  1:34  Marine  
  19  1:50  Barracks  
  20  1:54  Reaper  
  20  2:04  SCV  
  21  2:16  Command Center  
  21  2:20  SCV  
  21  2:21  Marine  
  23  2:26  Marine  
  24  2:38  Supply Depot  
  24  2:39  Marine  
  24  2:40  Barracks Tech Lab  
  24  2:43  Marine  
  26  2:57  Marine  
  27  3:01  Marine  
  27  3:08  Marauder  
  27  3:10  Stimpack  
  29  3:15  Marine, Engineering Bay  
  30  3:23  SCV  
  31  3:27  Marine  
  31  3:30  Marauder  
  31  3:33  Marine  
  35  3:35  SCV, Orbital Command  
  36  3:45  Marine  
  37  3:50  Marine  
  37  3:51  Marauder  
  40  3:59  Barracks  
  40  4:12  Marauder, Marine x2  
  41  4:34  Marauder  
  33  4:41  Marine x2  
  32  4:48  Marine  
  27  4:55  Marauder  
  27  4:58  Marine x2  
  31  5:06  Marine  
  27  5:16  Marine  
  27  5:17  Marauder  
  27  5:24  Marine x2  
  23  5:34  Marine  
  19  5:37  Marine  
  19  5:41  Marine  
  19  5:42  Marine  
  21  5:48  Supply Depot  
  21  5:52  Marine  
  21  5:55  Marine  
  22  6:04  Marine x2  
  22  6:10  Marine  
  25  6:13  Marine  
  26  6:22  Marine x2  
  28  6:27  Marine  
  28  6:31  SCV x2  
  31  6:43  SCV x2  
  33  6:53  Barracks Reactor, Barracks Tech Lab, Marine  
  33  6:54  Marine  
  34  6:55  SCV x2  
  34  6:59  Factory  
  36  7:06  Missile Turret  
  36  7:07  SCV x2  
  38  7:11  Marine x2  
  38  7:14  Missile Turret  
  40  7:17  Marauder  
  40  7:19  SCV x2  
  44  7:28  Refinery  
  44  7:31  SCV, Marine  
  46  7:38  Supply Depot  
  46  7:40  Supply Depot  
  46  7:52  Starport  
  46  7:59  Marine x4  
  46  8:00  Marauder  
  46  8:05  Factory Tech Lab  
  52  8:17  Marine x4, Supply Depot  
  56  8:21  Marine  
  56  8:26  SCV x2  
  59  8:38  SCV x2  
  59  8:39  Marauder  
  54  8:50  SCV  
  48  9:00  Marauder  
  46  9:11  Marine x2  
  46  9:13  Barracks Tech Lab  
  46  9:14  Marine  
  46  9:16  Medivac  
  46  9:20  Siege Tank  
  46  9:22  Marauder  
  51  9:24  Refinery, SCV x2  
  53  9:33  Terran Infantry Armor Level 1  
  53  9:36  SCV x2  
  55  9:39  Concussive Shells  
  55  9:43  Marauder  
  55  9:44  Marauder  
  59  9:48  SCV  
  60  9:53  Refinery  
  60  9:56  Marine  
  60  9:57  Marine x2  
  63  10:05  Marauder, Marine  
  66  10:08  Command Center  
  66  10:14  Marine x3  
  69  10:23  Marine  
  70  10:33  Supply Depot  
  70  10:35  Supply Depot  
  70  10:37  Marine  
  70  10:38  Supply Depot  
  70  10:49  Combat Shield  
  70  10:55  Marauder, Marine x3, Siege Tank  
  70  10:56  SCV x2, Marine  
  81  10:57  Supply Depot  
  81  11:00  Medivac  
  83  11:08  SCV x2  
  85  11:13  Marauder, Marine x2  
  85  11:14  Marine  
  85  11:16  Marine  
  91  11:20  SCV x2  
  91  11:21  Armory  
  93  11:27  Terran Infantry Weapons Level 1  
  93  11:30  Marine  
  93  11:31  Medivac  
  97  11:32  SCV  
  97  11:33  Siege Tank  
  97  11:35  Marauder x2  
  104  12:03  Orbital Command  
  104  12:04  SCV x2  
  106  12:13  Missile Turret  
  106  12:16  SCV x2  
  108  12:28  SCV  
  109  12:33  Missile Turret  
  104  12:54  Missile Turret  
  108  13:12  Marauder  
  108  13:13  Marauder, Marine  
  108  13:15  Barracks Reactor  
  108  13:16  Marine  
  110  13:31  Marine  
  115  13:34  Marauder x2, Marine  
  116  13:49  Marine  
  117  14:08  Starport Reactor, Supply Depot  
  117  14:09  Supply Depot x2  
  117  14:10  Supply Depot  
  117  14:12  Supply Depot  
  117  14:27  Marine  
  117  14:28  Marauder, Marine  
  117  14:29  Marauder, Marine x2, Siege Tank  
  124  14:32  Supply Depot  
  124  14:38  Supply Depot  
  124  14:45  Marine  
  125  14:47  Marine  
  125  14:50  Marauder  
  125  14:51  Marauder  
  123  14:54  SCV x3  
  122  15:01  Siege Tank  
  122  15:06  SCV x3  
  128  15:11  Marauder  
  128  15:12  Marauder, Missile Turret  
  132  15:18  Refinery, SCV x3  
  132  15:19  Command Center  
  132  15:20  Terran Infantry Armor Level 2  
  135  15:24  Terran Vehicle Weapons Level 1  
  135  15:25  Engineering Bay  
  135  15:30  SCV x2  
  135  15:32  Marauder  
  135  15:33  Siege Tank  
  135  15:34  Marauder  
  135  15:35  Missile Turret  
  144  15:50  Marine x3  
  144  15:51  Marine  
  144  15:54  Marauder  
  144  15:55  Marauder  
  152  15:58  Missile Turret x2  
  152  15:59  Missile Turret  
  152  16:01  Missile Turret  
  152  16:03  Missile Turret  
  152  16:05  SCV x2, Siege Tank  
  152  16:06  SCV  
  152  16:08  Marine x2  
  152  16:09  Refinery  
  160  16:14  Barracks  
  160  16:15  Marauder  
  160  16:16  Barracks, Marauder  
  160  16:17  SCV  
  160  16:18  SCV x2  
  167  16:19  Barracks  
  167  16:20  Barracks, Missile Turret  
  167  16:21  Barracks  
  167  16:22  Missile Turret  
  167  16:23  Factory, Missile Turret  
  167  16:36  Sensor Tower, Medivac x2  
  167  16:37  Marauder  
  167  16:38  Marauder  
  175  16:58  Marauder  
  158  17:06  Medivac x2  
  139  17:19  Marauder, Marine  
  139  17:20  Marauder, Marine x3  
  147  17:22  Barracks Reactor, Barracks Tech Lab  
  147  17:23  Barracks Reactor, Barracks Tech Lab  
  147  17:25  Factory Tech Lab  
  147  17:31  Siege Tank  
  147  17:36  Medivac x2  
  154  17:37  Marine  
  154  17:38  Marine x3  
  154  17:40  Marauder  
  154  17:41  Marauder  
  144  17:55  Marine  
  145  18:02  Marauder x2  
  145  18:03  Siege Tank  
  114  18:17  Marauder, Marine  
  114  18:18  Marauder, Marine x7  
  123  18:23  Marauder  
  123  18:24  Marauder  
  127  18:29  Planetary Fortress  
  127  18:33  Refinery  
  127  18:34  Refinery  
  127  18:35  Marine  
  127  18:36  Marine x7  
  127  18:39  Marauder x2  
  127  18:40  Command Center  
  139  18:45  Marauder x2  
  143  18:49  Command Center  
  143  18:53  Marine x5  
  143  18:54  Marine x3  
  143  18:55  Siege Tank x2  
  157  19:00  Marauder x2  
  161  19:06  Marauder, Marine  
  164  19:11  Marine x2  
  166  19:21  Marauder  
  166  19:22  Marauder  
  169  19:27  Siege Tank  
  170  19:38  Missile Turret  
  170  19:52  Command Center  
  170  19:59  Missile Turret  
  170  20:01  Marauder x4, Marine  
  170  20:02  Marine  
  180  20:07  Supply Depot x2  
  180  20:22  Missile Turret  
  176  20:32  Supply Depot x2  
Show
View Real Time Build Order
Export as new Build Order

GevatterTod Zerg 

Build Orders: Pool First 

Get SALT Encoding   

  12  0:07  Drone  
  12  0:12  Overlord  
  13  0:16  Drone  
  14  0:32  Drone x2  
  16  0:40  Drone  
  17  0:43  Extractor  
  16  0:50  Drone  
  16  0:55  Spawning Pool  
  16  1:01  Drone  
  17  1:13  Drone  
  18  1:24  Drone  
  19  1:26  Hatchery  
  18  1:37  Drone  
  19  1:41  Queen  
  21  1:47  Zergling x2  
  21  1:51  Metabolic Boost  
  22  2:05  Roach Warren  
  21  2:09  Drone  
  21  2:11  Overlord  
  22  2:19  Overlord  
  22  2:45  Roach x3  
  22  2:49  Roach x2  
  22  2:50  Roach  
  34  2:53  Roach  
  36  2:59  Roach  
  38  3:06  Zergling x4  
  40  3:14  Overlord  
  40  3:18  Zergling x2  
  41  3:24  Overlord  
  41  3:32  Ravager  
  42  3:38  Zergling x8  
  42  3:40  Zergling x2  
  47  3:46  Overlord  
  47  3:56  Ravager  
  47  3:59  Zergling x6  
  51  4:06  Zergling x4  
  41  4:32  Zergling x2  
  41  4:33  Zergling x14  
  41  4:36  Ravager  
  41  4:42  Zergling x2  
  35  4:46  Queen  
  35  5:10  Zergling x10  
  39  5:17  Zergling x6  
  39  5:18  Zergling x2  
  37  5:28  Zergling x4  
  37  5:34  Zergling x2  
  38  5:42  Zergling x2  
  36  5:43  Zergling x2  
  33  5:57  Zergling x4  
  33  5:58  Zergling x2  
  35  6:05  Zergling x6  
  37  6:15  Zergling x4  
  37  6:16  Zergling x6  
  40  6:20  Zergling x2  
  35  6:42  Drone x4  
  38  6:50  Drone x3  
  38  6:51  Drone x2, Baneling Nest  
  42  7:05  Drone x2  
  42  7:06  Drone x2  
  46  7:11  Spine Crawler  
  45  7:17  Spore Crawler  
  45  7:19  Drone  
  45  7:20  Drone x2  
  47  7:27  Overlord  
  47  7:43  Hatchery  
  46  7:49  Baneling x3  
  46  7:50  Baneling x3  
  46  7:52  Lair  
  46  7:53  Drone  
  47  7:58  Extractor  
  47  7:59  Drone x3  
  47  8:00  Drone  
  47  8:01  Drone  
  47  8:03  Drone  
  47  8:05  Drone  
  53  8:09  Extractor  
  53  8:10  Extractor  
  53  8:12  Drone x2  
  53  8:13  Drone  
  54  8:21  Overlord  
  54  8:39  Extractor  
  41  8:41  Extractor  
  41  8:46  Roach  
  41  8:47  Roach x7  
  52  8:54  Roach x2  
  56  8:59  Roach  
  58  9:04  Roach  
  60  9:11  Zergling x8  
  60  9:15  Glial Reconstitution  
  62  9:20  Overlord  
  62  9:28  Overseer  
  62  9:31  Drone  
  62  9:32  Drone x2  
  62  9:34  Drone x3  
  68  9:39  Queen  
  68  9:44  Ravager  
  68  9:45  Ravager x4  
  75  9:54  Drone x3  
  75  9:55  Drone  
  75  9:56  Drone x2  
  81  10:02  Zergling x6  
  81  10:03  Zergling x2  
  76  10:15  Roach x2  
  76  10:16  Roach x3  
  86  10:21  Ravager  
  85  10:30  Roach  
  85  10:31  Roach  
  85  10:32  Queen  
  85  10:33  Overlord  
  85  10:34  Queen  
  87  10:42  Zergling x12  
  78  10:49  Baneling x6  
  78  10:50  Baneling x2  
  78  10:54  Centrifical Hooks  
  78  10:58  Drone x2  
  78  11:01  Drone x3  
  78  11:02  Drone  
  84  11:10  Overlord  
  84  11:16  Drone x3  
  84  11:17  Drone x2  
  89  11:31  Roach x2  
  89  11:32  Roach x3  
  99  11:36  Overseer  
  99  11:42  Drone, Hatchery  
  99  11:44  Drone  
  100  11:53  Burrow  
  100  11:59  Queen  
  100  12:00  Queen  
  104  12:01  Roach  
  104  12:07  Spine Crawler  
  105  12:08  Spine Crawler  
  105  12:10  Spine Crawler, Zergling x4  
  105  12:11  Overlord  
  104  12:32  Zergling x12  
  104  12:33  Zergling x8  
  104  12:35  Overlord x2  
  104  12:36  Overlord x5  
  111  12:41  Zergling x6  
  110  12:57  Spore Crawler  
  109  12:59  Spine Crawler  
  109  13:00  Spine Crawler  
  106  13:09  Drone x3  
  106  13:11  Zergling x24, Spore Crawler  
  106  13:12  Zergling x2  
  120  13:18  Ravager  
  120  13:19  Ravager x8  
  130  13:20  Ravager  
  129  13:35  Roach x6  
  129  13:36  Roach  
  139  13:46  Queen, Spire  
  139  14:21  Hydralisk Den  
  137  14:55  Drone x2  
  137  14:56  Drone x3  
  137  14:57  Roach  
  137  14:58  Roach x18  
  176  15:14  Queen  
  176  15:20  Overseer  
  176  15:24  Drone, Spine Crawler, Overlord x5  
  176  15:39  Overlord x5  
  176  15:41  Queen x2  
  176  15:42  Spore Crawler  
  179  15:45  Spine Crawler  
  178  16:00  Baneling x3  
  178  16:01  Baneling x9  
  178  16:02  Baneling x8  
  178  16:03  Baneling x5  
  178  16:08  Spore Crawler  
  177  16:16  Drone x4  
  177  16:17  Spine Crawler  
  180  16:25  Overseer  
  169  16:44  Zergling x4  
  169  16:45  Zergling x28  
  166  17:00  Zergling x2  
  166  17:01  Zergling x14  
  135  17:08  Zergling x6  
  115  17:15  Baneling x6  
  97  17:16  Baneling x4  
  97  17:19  Zergling x10  
  97  17:20  Zergling x2  
  97  17:22  Baneling x3  
  102  17:23  Baneling x2  
  102  17:33  Evolution Chamber x2  
  83  17:45  Zergling x20  
  88  17:51  Baneling x2  
  88  17:52  Baneling x6  
  88  18:01  Zergling x2  
  88  18:02  Zergling x10  
  88  18:17  Zergling x14  
  88  18:18  Zergling x2  
  90  18:26  Roach x3  
  89  18:32  Drone x3  
  91  18:39  Lurker Den  
  91  18:40  Hydralisk  
  92  18:43  Baneling x2  
  92  18:44  Baneling x2  
  92  18:51  Drone x3  
  92  18:52  Drone  
  96  18:58  Extractor  
  96  18:59  Drone x2, Extractor  
  98  19:03  Drone x2  
  98  19:04  Drone  
  101  19:30  Roach  
  101  19:31  Roach x6  
  107  19:49  Hydralisk x5  
  107  19:50  Hydralisk  
  119  19:55  Extractor  
  119  19:56  Drone x3, Extractor  
  119  19:57  Drone x2  
  119  19:58  Drone  
  123  20:02  Roach  
  125  20:10  Ravager x5  
  125  20:11  Ravager x5  
  125  20:13  Zergling x8  
Show
View Real Time Build Order
Export as new Build Order

Pestilenz Protoss 

Build Orders:  

Get SALT Encoding   

  12  0:00  Probe (Chrono Boost)  
  13  0:10  Probe (Chrono Boost)  
  14  0:17  Pylon  
  14  0:24  Probe  
  15  0:40  Gateway  
  15  0:49  Probe  
  16  1:00  Gateway  
  16  1:06  Probe  
  17  1:12  Assimilator  
  17  1:16  Assimilator  
  17  1:28  Cybernetics Core  
  17  1:31  Zealot  
  19  1:37  Pylon  
  19  1:40  Probe  
  20  2:06  Probe  
  21  2:09  Warp Gate (Chrono Boost)  
  21  2:11  Stalker  
  21  2:14  Zealot  
  25  2:18  Probe  
  26  2:29  Gateway  
  26  2:38  Gateway  
  26  2:42  Probe  
  27  3:17  Stalker x2  
  31  3:54  Pylon  
  31  4:12  Nexus  
  31  4:13  Stalker x2  
  31  4:14  Stalker  
  31  4:16  Sentry  
  33  4:42  Stalker x3  
  39  5:09  Probe  
  38  5:21  Probe  
  29  5:49  Stalker x4  
  29  6:44  Probe x2  
  29  6:47  Stalker  
  29  6:48  Stalker x3  
  33  6:56  Probe x2  
  33  7:00  Robotics Facility  
  35  7:02  Robotics Facility  
  35  7:06  Shield Battery  
  35  7:08  Probe x2  
  37  7:09  Shield Battery  
  37  7:10  Pylon  
  37  7:17  Sentry x2  
  37  7:19  Stalker x2  
  45  7:26  Pylon  
  45  7:32  Shield Battery  
  45  7:46  Immortal x2 (Chrono Boost)  
  53  7:59  Probe  
  53  8:00  Forge  
  53  8:01  Probe  
  55  8:19  Immortal (Chrono Boost)  
  59  8:35  Pylon  
  59  8:40  Zealot  
  59  8:53  Immortal  
  45  9:20  Zealot x4  
  45  9:23  Immortal  
  57  9:28  Twilight Council  
  57  9:42  Immortal  
  61  9:47  Protoss Ground Weapons Level 1 (Chrono Boost), Nexus  
  61  9:55  Probe x2  
  53  10:42  Charge (Chrono Boost)  
  53  10:45  Zealot x2  
  53  10:46  Zealot x2  
  61  10:51  Immortal x2  
  69  10:59  Pylon  
  69  11:01  Probe x2  
  71  11:08  Assimilator  
  71  11:12  Assimilator  
  71  11:13  Probe x2  
  73  11:25  Probe  
  74  11:30  Probe, Observer  
  74  11:31  Observer  
  77  11:37  Probe  
  78  11:42  Probe  
  78  11:43  Zealot x3, Pylon  
  78  11:44  Zealot  
  87  11:49  Probe, Pylon  
  87  11:51  Protoss Ground Weapons Level 2  
  88  11:57  Dark Shrine  
  88  12:06  Forge  
  88  12:13  Zealot x4  
  75  12:38  Zealot x2  
  77  13:11  Assimilator  
  77  13:13  Assimilator  
  77  13:25  Pylon  
  76  13:35  Dark Templar x2  
  76  14:13  Nexus  
  76  14:17  Pylon  
  76  14:18  Stargate  
  76  14:22  Stargate  
  76  14:43  Pylon  
  76  14:48  Pylon  
  76  14:51  Pylon  
  76  15:01  Probe  
  76  15:06  Pylon  
  77  15:13  Probe  
  78  15:20  Zealot x4  
  86  15:22  Immortal x2  
  86  15:25  Probe  
  95  15:37  Probe  
  100  15:44  Oracle  
  100  15:47  Oracle  
  100  15:49  Probe x2  
  105  15:50  Probe  
  105  16:01  Probe, Observer  
  105  16:02  Probe, Observer  
  109  16:11  Pylon  
  109  16:13  Pylon  
  109  16:15  Pylon  
  109  16:17  Pylon  
  109  16:27  Robotics Bay  
  109  16:29  Stargate  
  109  16:34  Stargate  
  59  17:13  Dark Templar x4  
  59  17:15  Immortal x2  
  65  17:29  Oracle x3  
  71  17:30  Oracle  
  65  17:48  Dark Templar  
  65  17:49  Dark Templar x2  
  69  17:53  Zealot  
  49  18:46  Probe x2, Nexus  
  51  18:58  Probe  
  51  18:59  Probe  
  51  19:02  Shield Battery  
  53  19:03  Shield Battery  
  53  19:10  Probe  
  54  19:27  Dark Templar x4  
  54  19:29  Immortal  
  54  19:30  Immortal  
  70  19:40  Void Ray  
  50  20:13  Zealot x4  
Tags
 
Add a new tag
Caveats
  • Supply blocks, unpowered buildings, or Contaminate may cause inaccurate times.
  • Supply counts are checked every 10 seconds.